 Dungeon Crawl Stone Soup version 0.29-a0-757-g358383bc75 (webtiles) character file.

Game seed: 6892390397613617215

948 hquester1 the Shield-Bearer (level 7, -2/63 HPs)
             Began as a Minotaur Fighter on June 30, 2022.
             Was a Follower of Okawaru.
             Slain by Maggie
             ... wielding a +2 morningstar of flaming
              (17 damage)
             ... on level 6 of the Dungeon.
             The game lasted 00:16:18 (4275 turns).

hquester1 the Shield-Bearer (Minotaur Fighter)      Turns: 4275, Time: 00:16:21

Health: -2/63      AC:  0    Str: 23    XL:     7   Next: 89%
Magic:  6/6        EV: 10    Int:  5    God:    Okawaru [*.....]
Gold:   287        SH:  5    Dex:  9    Spells: 6/6 levels left

rFire   . . .      SeeInvis .   a - +0 flail
rCold   . . .      Faith    .   c - +0 buckler
rNeg    . . .      Spirit   .   b - +0 scale mail
rPois   +          Reflect  .   (helmet restricted)
rElec   .          Harm     .   A - scarf {repulsion}
rCorr   .          Rampage  .   (no gloves)
Will    +....                   (no boots)
Stlth   ..........              (no amulet)
HPRegen 0.20/turn               i - ring of willpower
MPRegen 0.10/turn               z - ring of poison resistance

@: corroded, mesmerised, repel missiles
A: horns 2, retaliatory headbutt
a: Renounce Religion, Heroism


You were on level 6 of the Dungeon.
You worshipped Okawaru.
Okawaru was aware of your devotion.
You visited 1 branch of the dungeon, and saw 6 of its levels.
You also visited: Sewer.

You collected 287 gold pieces.

Inventory:

Hand Weapons
 a - a +0 flail (weapon)
 p - a +1 dagger of protection
 r - a +0 morningstar
Armour
 b - a +0 scale mail (worn)
 c - a +0 buckler (worn)
 t - a +0 chain mail
 A - a scarf of repulsion (worn)
Jewellery
 i - a ring of willpower (left hand)
 s - a ring of magical power
 u - an amulet of magic regeneration
 z - a ring of poison resistance (right hand)
Wands
 y - a wand of flame (25)
 B - a wand of acid (13)
Scrolls
 e - 2 scrolls of fog {unknown}
 h - 2 scrolls of poison {unknown}
 l - a scroll of amnesia {unknown}
 o - a scroll of silence {unknown}
 v - a scroll of brand weapon {unknown}
 w - 2 scrolls of blinking
Potions
 d - 3 potions of might
 f - 2 potions of invisibility
 g - 3 potions of ambrosia
 j - a potion of cancellation
 k - a potion of lignification {unknown}
 m - 2 potions of brilliance {unknown}
 n - a potion of curing {unknown}
 q - 2 potions of heal wounds {unknown}
 x - a potion of resistance {unknown}


   Skills:
 + Level 6.0 Fighting
 + Level 5.4 Maces & Flails
 + Level 6.0 Armour
 + Level 4.1 Dodging
 + Level 6.1 Shields


You had 6 spell levels left.
You didn't know any spells.
Your spell library contained the following spells:

 Spells                   Type           Power      Damage    Failure   Level
 Summon Ice Beast         Ice/Summ       Unusable   N/A       N/A         4
 Summon Mana Viper        Hex/Summ       Unusable   N/A       N/A         5
 Monstrous Menagerie      Summ           Unusable   N/A       N/A         7

Dungeon Overview and Level Annotations

Branches:
Dungeon (6/15)              Sewer (visited)
 Temple: D:4-7

Altars:
Okawaru

Shops:
D:1 (

Annotations:
D:6 Maggie


Innate Abilities, Weirdness & Mutations

You have a pair of horns on your head.
You reflexively headbutt those who attack you in melee.


Message History

q - 2 puce potions (gained 1)
You see here a scorpion corpse.
Found a stone staircase leading down.
Maggie the Vainglorious comes into view.
She is wielding a +2 morningstar of flaming and carrying a wand of acid (8).
Maggie gestures wildly while chanting.
Maggie attempts to bespell you!
You are mesmerised by Maggie!
Maggie practices a pose.
Maggie gestures at you while chanting. The bolt of fire hits you!
You hear a shout!
Maggie gestures wildly while chanting.
Maggie draws you further into her thrall.
A gnoll comes into view. It is wielding a +0 club.
The gnoll shouts!
Maggie zaps a wand.
The bolt of acid hits you! The acid corrodes you!
A gnoll comes into view. It is wielding a +0 club.
Maggie barely misses you.
The gnoll shouts!
You hit Maggie but do no damage.
Maggie casts a spell.
Maggie draws you further into her thrall.
A gnoll sergeant comes into view. It is wielding a +2 spear of venom.
The gnoll sergeant shouts!
You hit Maggie but do no damage.
You hear a shout! x2
Maggie casts a spell.
Maggie draws you further into her thrall.
You thump Maggie! You headbutt Maggie.
Maggie is moderately wounded.
A gnoll comes into view. It is wielding a +0 spear.
Maggie hits you with a +2 morningstar of flaming!
Maggie burns you.
You hit Maggie.
Maggie is moderately wounded.
Maggie zaps a wand.
The bolt of acid hits you. The acid corrodes you!
The gnoll hits you with a +0 club.
* * * LOW HITPOINT WARNING * * *
Maggie hits you with a +2 morningstar of flaming!
You die...

#. ##....#.##.#.# #
#.......##.#.#
#.......#....#
#........#.#.#######
...........>.........
##.....#....#.#.#####
...#.........##.#
###.###......# .
#........@.# .# #
###...g@.# # ##....##
#....# #.#.## #g#.
gg#. #. #.


You could see Maggie (mesmerising) and 3 gnolls.

Vanquished Creatures
  2 black bears (D:5)
  An ogre (D:5)
  2 bullfrogs
  A necrophage (D:4)
  2 scorpions
  A howler monkey (D:5)
  An orc priest (D:3)
  A hound (D:5)
  An iguana (D:5)
  2 orc wizards (D:5)
  4 gnolls
  4 adders
  A river rat (D:4)
  3 worms
  A dart slug (D:3)
  11 orcs
  7 ball pythons
  6 bats
  8 endoplasms
  18 giant cockroaches
  3 goblins
  7 hobgoblins
  14 quokkas
  10 frilled lizards
  8 kobolds
  8 rats
127 creatures vanquished.

Notes
Turn   | Place    | Note
-------+----------+-------------------------------------------
     0 | D:1      | hquester1 the Minotaur Fighter began the quest for the Orb.
     0 | D:1      | Reached XP level 1. HP: 19/19 MP: 0/0
   308 | D:1      | Reached XP level 2. HP: 21/27 MP: 1/1
   638 | D:1      | Reached skill level 1 in Dodging
   638 | D:1      | Reached XP level 3. HP: 27/33 MP: 2/2
   721 | D:1      | Found Ufralev's Antique Weapon Shoppe.
  1441 | D:2      | Reached XP level 4. HP: 40/40 MP: 3/3
  1451 | D:2      | Found a faded altar of an unknown god.
  2345 | D:4      | Reached XP level 5. HP: 47/47 MP: 4/4
  2482 | D:4      | Found a glowing drain.
  2616 | Sewer    | Entered a sewer
  2836 | Sewer    | Reached XP level 6. HP: 55/55 MP: 5/5
  3005 | Sewer    | Reached skill level 5 in Fighting
  3005 | Sewer    | Reached skill level 5 in Armour
  3005 | Sewer    | Reached skill level 5 in Shields
  3346 | D:4      | You fall into a shaft and drop 1 floor!
  3346 | D:5      | Entered Level 5 of the Dungeon
  3474 | D:4      | Reached XP level 7. HP: 52/61 MP: 6/6
  3517 | D:4      | Found an iron altar of Okawaru.
  3525 | D:4      | Became a worshipper of Warmaster Okawaru
  3735 | D:5      | Reached skill level 5 in Maces & Flails
  4231 | D:6      | Reached * piety under Okawaru
  4265 | D:6      | Noticed Maggie
  4275 | D:6      | Slain by Maggie

Illustrated notes

Levels and vault maps discovered:
D:1:      lemuel_arrival_broad_hall, layout_loops_ring, serial_shops,
          nicolae_diamond_shop
D:2:      layout_rooms, basic_ecumenical_altar
D:3:      layout_basic
D:4:      layout_basic, okawaru_metal_pillars_1_2, gup_sewer_entry_bubbles
D:5:      layout_rooms
D:6:      layout_loops_ring, chequers_temple_overflow_minitemple,
          minmay_temple_entry_antechambers, uniq_maggie

Skill      XL: |  1  2  3  4  5  6  7 |
---------------+----------------------+-----
Fighting       | 4 5 6 |  6.0
Armour         | 4 5 6 |  6.0
Dodging        | 1 2 3 4 |  4.1
Shields        | 4 5 6 |  6.1
Maces & Flails | 3 4 5 |  5.4

Action                   |  1- 3 |  4- 6 |  7- 9 || total
-------------------------+-------+-------+-------++-------
Melee: Flail             |    85 |   186 |    47 ||   318
       Headbutt          |     8 |    17 |     9 ||    34
  Use: Scroll            |       |     3 |       ||     3
Armor: Scale mail        |    45 |    66 |    16 ||   127
Dodge: Dodged            |    36 |    63 |    27 ||   126
Block: Buckler           |    16 |    33 |     9 ||    58

Table legend: (Time is in decaauts)
 A = Elapsed time spent in this place.
 B = Non-inter-level travel time spent in this place.
 C = Inter-level travel time spent in this place.
 D = Time resting spent in this place.
 E = Time spent auto-exploring this place.
 F = Levels seen in this place.
 G = Mean time per level.
                   A        B        C        D        E       F      G
               +--------+--------+--------+--------+--------+-----+--------+
         Total |   4426 |   4365 |     61 |    260 |   2860 |   7 |  632.3 |
       Dungeon |   3966 |   3905 |     61 |    152 |   2839 |   6 |  661.0 |
         Sewer |    460 |    460 |      0 |    108 |     21 |   1 |  460.0 |
               +--------+--------+--------+--------+--------+-----+--------+

Top non-repeatable levels by time:
     D:1: 1026 daAuts
     D:4: 972 daAuts
     D:3: 763 daAuts
     D:2: 586 daAuts
     D:5: 560 daAuts
   Sewer: 460 daAuts
     D:6: 56 daAuts
